 Dungeon Crawl Stone Soup version 0.21-a0-525-ga34b322 (webtiles) character file.

408 slep the Chopper (level 6, 0/32 HPs)
             Began as a Vine Stalker Gladiator on Dec 8, 2017.
             Slain by an orc warrior
             ... wielding a +0 morningstar
              (4 damage)
             ... on level 3 of the Dungeon.
             The game lasted 00:07:53 (1187 turns).

slep the Chopper (Vine Stalker Gladiator)           Turns: 1187, Time: 00:07:55

Health: 0/32       AC:  4    Str: 18    XL:     6   Next: 88%
Magic:  0/7        EV: 13    Int: 11    God:
Gold:   111        SH:  0    Dex: 16    Spells: 5/5 levels left

rFire    . . .     SeeInvis .   a - +0 war axe
rCold    . . .     Gourm    .   (no shield)
rNeg     . . .     Faith    .   b - +0 leather armour
rPois    .         Spirit   +   c - +0 helmet
rElec    .         Reflect  .   (no cloak)
rCorr    .         Harm     .   (no gloves)
MR       .....                  (no boots)
Stlth    ++........             (no amulet)
HPRegen  0.50/turn              j - +5 ring of slaying
MPRegen  0.10/turn              q - +3 ring of intelligence

@: no status effects
A: fangs 2, regeneration 1, magic shield, antimagic bite, no potion heal 3, rot
immunity
a: no special abilities


You were on level 3 of the Dungeon.
You were not hungry.

You visited 1 branch of the dungeon, and saw 3 of its levels.

You collected 111 gold pieces.

Inventory:

Hand Weapons
 a - a +0 war axe (weapon)
Missiles
 d - 3 throwing nets (quivered)
Armour
 b - a +0 leather armour (worn)
 c - a +0 helmet (worn)
Jewellery
 j - a +5 ring of slaying (left hand)
 q - a +3 ring of intelligence (right hand)
Wands
 r - a wand of flame (19)
Scrolls
 e - 2 scrolls of fog {unknown}
 o - 2 scrolls of identify {unknown}
 p - a scroll of magic mapping {unknown}
 s - a scroll of immolation {unknown}
Potions
 g - 2 potions of lignification {unknown}
 h - a potion of brilliance {unknown}
 i - 2 potions of flight {unknown}
 k - 2 potions of mutation {unknown}
 l - 2 potions of curing {unknown}
 n - a potion of invisibility {unknown}
Comestibles
 f - 2 bread rations
 m - a royal jelly
 t - 2 chunks of flesh


   Skills:
 + Level 2.9 Fighting
 + Level 5.2 Axes
 + Level 1.9 Throwing
 + Level 1.7 Armour
 + Level 3.2 Dodging
 + Level 1.2 Stealth


You had 5 spell levels left.
You didn't know any spells.

Dungeon Overview and Level Annotations

Branches:
Dungeon (3/15)

Altars:
Makhleb
Nemelex Xobeh
Ru
Wu Jian


Innate Abilities, Weirdness & Mutations

You have extremely sharp teeth.
Your natural rate of healing is unusually fast.
When hurt, damage is shared between your health and your magic reserves.
Your bite disrupts and absorbs the magic of your enemies.
Potions cannot restore your health.
You are immune to rotting.


Message History

The orc wizard gestures wildly while chanting.
The orc wizard seems to speed up.
The orc wizard gestures wildly while chanting.
The orc wizard blinks!
The orc wizard casts a spell.
The orc wizard blinks!
The orc wizard hits you but does no damage.
The orc wizard hits you but does no damage.
The orc wizard gestures wildly while chanting.
The orc wizard blinks!
You hit the orc warrior but do no damage.
You bite the orc warrior, but do no damage.
The orc warrior is almost dead.
You barely miss the orc warrior. Your bite misses the orc warrior.
The orc warrior is almost dead.
The orc wizard gestures at you while chanting.
The magic dart hits you!
* * * LOW HITPOINT WARNING * * *
The orc warrior hits you with a morningstar.
You die...

........######..####(##
............)..÷##.##(#
......###.#####..#.#.#.#
..... #.# #..#.##..#
..... #.#
#.###.###########. ....
.#.#####.####.##g.†.).(..
...
.........##...o..#######'
.........##......#
#.......@##......#
##+#####o.o......#
######'#### #.# #.# #.#
#.# .#


You could see an orc warrior and an orc wizard.

Vanquished Creatures
  Grinder (D:3)
  An ogre (D:3)
  2 adders
  6 worms
  3 leopard geckos
  8 orcs (D:3)
  3 giant cockroaches
  8 goblins
  7 hobgoblins
  10 jackals (D:2)
  10 bats
  2 frilled lizards
  9 kobolds
  13 rats
83 creatures vanquished.

Notes
Turn   | Place    | Note
-------+----------+-------------------------------------------
     0 | D:1      | slep the Vine Stalker Gladiator began the quest for the Orb.
     0 | D:1      | Reached XP level 1. HP: 11/11 MP: 2/2
    29 | D:1      | Reached XP level 2. HP: 6/15 MP: 1/3
   162 | D:1      | Reached XP level 3. HP: 2/18 MP: 4/4
   262 | D:1      | Reached skill level 3 in Axes
   595 | D:2      | Gained mutation: Your natural rate of healing is unusually fast. [Vine Stalker growth]
   595 | D:2      | Reached XP level 4. HP: 19/23 MP: 5/5
   770 | D:2      | Reached skill level 1 in Armour
   877 | D:2      | Found a burning altar of Makhleb.
   883 | D:2      | Found a sparkling altar of Nemelex Xobeh.
   886 | D:2      | Found an ornate altar of the Wu Jian Council.
   993 | D:3      | Noticed an ogre
  1025 | D:3      | Killed an ogre
  1025 | D:3      | Reached skill level 4 in Axes
  1025 | D:3      | Reached skill level 1 in Stealth
  1025 | D:3      | Reached XP level 5. HP: 25/27 MP: 6/6
  1034 | D:3      | Noticed Grinder
  1093 | D:3      | Killed Grinder
  1093 | D:3      | Reached skill level 5 in Axes
  1093 | D:3      | Reached XP level 6. HP: 16/32 MP: 2/7
  1144 | D:3      | Found a sacrificial altar of Ru.
  1164 | D:3      | Noticed an orc warrior
  1187 | D:3      | Slain by an orc warrior

Vault maps used:
D:1:      sevenhm_arrival_forest_fort_small_4, hangedman_decor_push,
          st_stairs_12, minivault_14, minmay_crystal_water
D:2:      minmay_overflow_temple_star_quad, first_bread
D:3:      marbit_many_paths, uniq_natasha, uniq_grinder

Skill      XL: |  1  2  3  4  5 |
---------------+----------------+-----
Fighting       | 2 |  2.9
Axes           | 3 4 5 |  5.2
Dodging        | 3 |  3.2
Armour         | 1 |  1.7
Stealth        | 1 |  1.2
Throwing       | |  1.9

Action                   |  1- 3 |  4- 6 || total
-------------------------+-------+-------++-------
Melee: War axe           |    79 |    64 ||   143
       Bite              |    23 |    23 ||    46
 Stab: Distracted        |       |     1 ||     1
  Eat: Chunk             |       |     1 ||     1
Armor: Leather armour    |    22 |     7 ||    29
Dodge: Dodged            |    67 |    38 ||   105

Table legend:
 A = Spawn XP
 B = Non-spawn XP
 C = Spawn XP percentage of total XP
 D = Spawn monster count
 E = Non-spawn monster count
 F = Spawn count percentage of total count
 G = Total turns spent on level
                    A         B        C        D         E        F      G
               +---------+---------+-------+---------+---------+-------+---------
         Total |       0 |     584 |   0.0 |       0 |      83 |   0.0 |  1187
               +---------+---------+-------+---------+---------+-------+---------
           D:1 |       0 |      46 |   0.0 |       0 |      30 |   0.0 |   499
           D:2 |       0 |      80 |   0.0 |       0 |      32 |   0.0 |   434
           D:3 |       0 |     458 |   0.0 |       0 |      21 |   0.0 |   254
               +---------+---------+-------+---------+---------+-------+---------
